 Dungeon Crawl Stone Soup version 0.24.0 (webtiles) character file.

Game seed: 1893028860710153275, levelgen mode: deterministic

134 Mrkan the Ruffian (level 4, -6/45 HPs)
             Began as a Troll Monk on Oct 25, 2019.
             Mangled by an ogre
             ... wielding a +0 giant club
              (12 damage)
             ... on level 4 of the Dungeon.
             The game lasted 00:04:01 (2305 turns).

Mrkan the Ruffian (Troll Monk)                      Turns: 2305, Time: 00:04:02

Health: -6/45      AC:  8    Str: 20    XL:     4   Next: 95%
Magic:  3/3        EV: 10    Int:  6    God:
Gold:   150        SH:  0    Dex: 12    Spells: 3/3 levels left

rFire    . . .     SeeInvis .     - Unarmed
rCold    . . .     Gourm    +   (no shield)
rNeg     . . .     Faith    .   a - +0 robe
rPois    .         Spirit   .   m - +2 hat
rElec    .         Reflect  .   (no cloak)
rCorr    .         Harm     .   (gloves unavailable)
MR       .....                  (boots unavailable)
Stlth    ++........             (no amulet)
HPRegen  0.55/turn              (no ring)
MPRegen  0.08/turn              (no ring)

@: no status effects
A: large, unfitting armour, claws 3, fast metabolism 3, gourmand, regeneration
1, shaggy fur 1, tough skin 3
a: no special abilities


You were on level 4 of the Dungeon.
You were not hungry.

You visited 1 branch of the dungeon, and saw 4 of its levels.

You collected 150 gold pieces.

Inventory:

Missiles
 o - 74 stones (quivered)
Armour
 a - a +0 robe (worn)
 m - a +2 hat (worn)
Jewellery
 k - an uncursed ring of see invisible {unknown}
 r - an uncursed amulet of magic regeneration {unknown}
Scrolls
 c - a scroll of fear {unknown}
 d - 4 scrolls of identify {unknown}
 e - a scroll of blinking {unknown}
 f - 2 scrolls of magic mapping {unknown}
 g - 2 scrolls of teleportation {unknown}
 h - a scroll of noise {unknown}
 i - 4 scrolls of remove curse {unknown}
 p - a scroll of random uselessness {unknown}
Potions
 j - a potion of ambrosia {unknown}
 l - a potion of magic {unknown}
 n - a potion of degeneration {unknown}
 q - 2 potions of brilliance {unknown}
Comestibles
 b - 6 rations


   Skills:
 - Level 3.3 Fighting
 - Level 2.4 Dodging
 - Level 1.0 Stealth
 * Level 5.0 Unarmed Combat


You had 3 spell levels left.
You didn't know any spells.
Your spell library was empty.

Dungeon Overview and Level Annotations

Branches:
Dungeon (4/15)
 Temple: D:4-7

Altars:
Xom
Yredelemnul

Shops:
D:4 (

Annotations:
D:3 2 transporters, Mrkan's ghost, amateur DrMo


Innate Abilities, Weirdness & Mutations

You are too large for most types of armour.
You have claws for hands.
Your metabolism is lightning-fast.
You like to eat raw meat.
Your natural rate of healing is unusually fast.
You are covered in fur. (AC +1)
You have extremely tough skin. (AC +3)


Message History

The adder bites you but does no damage.
You barely miss the adder. The adder bites you but does no damage.
You claw the adder!
You kill the adder!
Your Unarmed Combat skill increases to level 5!
An ogre comes into view. It is wielding a +0 giant club.
The ogre shouts!
An ogre is nearby!
A leopard gecko comes into view.
The ogre hits you with a +0 giant club!!
You scratch the ogre.
The ogre is moderately wounded.
You barely miss the ogre.
The ogre is moderately wounded.
The ogre hits you with a +0 giant club!!
* * * LOW HITPOINT WARNING * * *
You claw the ogre!
The ogre is severely wounded.
The ogre hits you with a +0 giant club!
You die...

...## ....##
.#.#.## ##
.##.#.## #.#
..##.#.##
#.# .#
##.#.## #.#
. ##.#.##
#.# ##.#.##
##O# ##.#.##
##@#
##.#.###.#.#
##.#.#.#.##
##.#.#.##
##.#.## ##
##


You could see an ogre.

Vanquished Creatures
  A crimson imp (D:2)
  4 adders
  An ooze (D:2)
  An adder skeleton (D:4)
  A dart slug (D:2)
  A leopard gecko (D:3)
  3 orcs (D:4)
  3 ball pythons (D:3)
  4 giant cockroaches
  7 goblins
  5 hobgoblins
  A quokka (D:3)
  4 bats
  3 frilled lizards
  9 kobolds
  5 rats
53 creatures vanquished.

Notes
Turn   | Place    | Note
-------+----------+-------------------------------------------
     0 | D:1      | Mrkan the Troll Monk began the quest for the Orb.
     0 | D:1      | Reached XP level 1. HP: 22/22 MP: 0/0
    88 | D:1      | Reached XP level 2. HP: 23/29 MP: 1/1
   578 | D:2      | Noticed a crimson imp
   587 | D:2      | Killed a crimson imp
   587 | D:2      | Reached skill level 4 in Unarmed Combat
   587 | D:2      | Reached XP level 3. HP: 37/37 MP: 2/2
   793 | D:2      | Found a shimmering altar of Xom.
   797 | D:2      | Reached XP level 4. HP: 45/45 MP: 3/3
  1346 | D:3      | Found a transporter.
  1349 | D:3      | Noticed Mrkan's ghost (amateur DrMo)
  1351 | D:3      | Found a transporter.
  1465 | D:3      | Found a basalt altar of Yredelemnul.
  2251 | D:4      | Found Hun Exu's Antique Weapon Emporium.
  2275 | D:4      | Reached skill level 5 in Unarmed Combat
  2299 | D:4      | Noticed an ogre
  2305 | D:4      | Mangled by an ogre

Levels and vault maps discovered:
D:1:      dpeg_arrival_tiny_a, layout_loops_ring
D:2:      layout_basic, overflow_temple_1_default, serial_bayou_lake_a
D:3:      layout_loops_corners, gammafunk_ghost_arena, first_ration,
          minmay_crystal_room, yredelemnul_altar_generic
D:4:      minmay_inner_zag, layout_loops_ring, serial_shops, shop,
          corexii_shack, kennysheep_generic_room_6
